 Dungeon Crawl Stone Soup version 0.24.0-37-gcf1ca852f1 (webtiles) character file.

Game seed: 10341642600089940388, levelgen mode: deterministic

58 Delamore the Chopper (level 4, -2/39 HPs)
             Began as a Hill Orc Fighter on Nov 23, 2019.
             Was an Initiate of Okawaru.
             Slain by Crazy Yiuf
             ... wielding a +2 quarterstaff of chaos
              (4 damage)
             ... while petrified by Crazy Yiuf
             ... on level 2 of the Dungeon.
             The game lasted 00:01:45 (1529 turns).

Delamore the Chopper (Hill Orc Fighter)             Turns: 1529, Time: 00:01:46

Health: -2/39      AC:  7    Str: 19    XL:     4   Next: 2%
Magic:  4/4        EV:  2    Int:  8    God:    Okawaru [......]
Gold:   40         SH:  0    Dex: 10    Spells: 3/3 levels left

rFire    . . .     SeeInvis .   a - +0 war axe
rCold    . . .     Gourm    .   c - +0 shield
rNeg     + + +     Faith    .   b - +0 scale mail
rPois    ∞         Spirit   .   k - +1 hat
rElec    .         Reflect  .   (no cloak)
rCorr    .         Harm     .   (no gloves)
MR       .....                  (no boots)
Stlth    ..........             (no amulet)
HPRegen  0.13/turn              (no ring)
MPRegen  0.09/turn              (no ring)

@: petrified
A: no striking features
a: Renounce Religion


You were on level 2 of the Dungeon.
You worshipped Okawaru.
Okawaru was noncommittal.
You were not hungry.

You visited 1 branch of the dungeon, and saw 2 of its levels.

You collected 40 gold pieces.

Inventory:

Hand Weapons
 a - a +0 war axe (weapon)
Armour
 b - a +0 scale mail (worn)
 c - a +0 shield (worn)
 k - a +1 hat (worn)
Scrolls
 e - a scroll of enchant weapon {unknown}
 j - a scroll of magic mapping {unknown}
 n - a scroll of amnesia {unknown}
 o - a scroll of enchant armour {unknown}
Potions
 d - 2 potions of might
 g - a potion of lignification {unknown}
 h - a potion of ambrosia {unknown}
 i - a potion of flight {unknown}
 l - 2 potions of curing {unknown}
Comestibles
 f - 3 rations


   Skills:
 - Level 3.6 Fighting
 + Level 5.5 Axes
 - Level 3.2 Armour
 - Level 3.2 Shields


You had 3 spell levels left.
You didn't know any spells.
Your spell library was empty.

Dungeon Overview and Level Annotations

Branches:
Dungeon (2/15)

Altars:
Cheibriados
Okawaru
Qazlal
Ru

Annotations:
D:2 Crazy Yiuf


Message History

You open the door. You closely miss Crazy Yiuf. You block Crazy Yiuf's attack.
Your shield and scale mail prevent you from hitting Crazy Yiuf.
Crazy Yiuf hits you with a +2 quarterstaff of chaos!
You are slowing down.
You hit Crazy Yiuf but do no damage.
Crazy Yiuf hits you with a +2 quarterstaff of chaos.
You are electrocuted!
Crazy Yiuf hits you with a +2 quarterstaff of chaos.
You have turned to stone.
Crazy Yiuf grits, "Two disdain arga!"
Crazy Yiuf hits you with a +2 quarterstaff of chaos.
Space warps horribly around you!
* * * LOW HITPOINT WARNING * * *
Crazy Yiuf hits you with a +2 quarterstaff of chaos.
Crazy Yiuf burns you.
Crazy Yiuf hits you with a +2 quarterstaff of chaos!
* * * LOW HITPOINT WARNING * * *
You are electrocuted!
You die...

.<.....#
######..#########.####
######## #....# #.# #
♣....♣ #.# # ♣...♣♣
#.# ## ##### ♣♣.♣♣ #.#
.###...# ♣.♣♣ #>#
.......# ♣♣.♣ #.#
.###...# ♣.♣♣ #.# ##
##.###### ♣♣@♣ #.# #
#......# #g# #.# #
#####..# ... #.# #.##
#...# #####.# #.#
#..)# #.....# ##.##
##### ###.### #...#
#.# #.#.# #### #.# ###
#...# #..# #.#


You could see Crazy Yiuf.

Vanquished Creatures
  2 adders (D:2)
  A worm (D:2)
  2 dart slugs
  A leopard gecko (D:1)
  4 bats
  2 giant cockroaches (D:1)
  3 goblins
  4 hobgoblins
  6 kobolds
  A frilled lizard (D:1)
  6 rats
32 creatures vanquished.

Notes
Turn   | Place    | Note
-------+----------+-------------------------------------------
     0 | D:1      | Delamore the Hill Orc Fighter began the quest for the Orb.
     0 | D:1      | Reached XP level 1. HP: 19/19 MP: 1/1
    46 | D:1      | Reached skill level 3 in Axes
    73 | D:1      | Reached XP level 2. HP: 21/26 MP: 2/2
   293 | D:1      | Reached skill level 4 in Axes
   427 | D:1      | Reached XP level 3. HP: 31/31 MP: 3/3
   709 | D:2      | Found an iron altar of Okawaru.
   736 | D:2      | Became a worshipper of Warmaster Okawaru
   937 | D:2      | Found a snail-covered altar of Cheibriados.
   970 | D:2      | Reached skill level 5 in Axes
   977 | D:2      | Found a sacrificial altar of Ru.
  1082 | D:2      | Found a stormy altar of Qazlal.
  1190 | D:2      | Reached XP level 4. HP: 37/39 MP: 4/4
  1377 | D:2      | Found a runed translucent door.
  1378 | D:2      | Noticed Crazy Yiuf
  1529 | D:2      | Slain by Crazy Yiuf

Levels and vault maps discovered:
D:1:      dpeg_arrival_tiny_g, layout_loops_ring
D:2:      layout_loops_ring, kennysheep_slug_shrine, marbit_many_paths,
          lemuel_coloured_pillars_altar, okawaru_gym_becter,
          uniq_crazy_yiuf_cottage

Skill      XL: |  1  2  3 |
---------------+----------+-----
Axes           | 3 4 5 |  5.5
Fighting       | |  3.6
Armour         | |  3.2
Shields        | |  3.2

Action                   |  1- 3 |  4- 6 || total
-------------------------+-------+-------++-------
Melee: War axe           |    88 |     4 ||    92
  Eat: Chunk             |     1 |     1 ||     2
Armor: Scale mail        |    33 |       ||    33
Dodge: Dodged            |    34 |     1 ||    35
Block: Shield            |    41 |     1 ||    42
